 Dungeon Crawl Stone Soup version 0.18-b1-16-g289874d (webtiles) character file.

1308 otab the Skirmisher (level 8, -9/71 HPs)
             Began as a Hill Orc Monk on May 1, 2016.
             Mangled by Prince Ribbit (13 damage)
             ... on level 6 of the Dungeon.
             The game lasted 00:10:49 (5839 turns).

otab the Skirmisher (Hill Orc Monk)                 Turns: 5839, Time: 00:10:50

Health: -9/71      AC: 13    Str: 21    XL:     8   Next: 58%
Magic:  8/8        EV: 13    Int: 10    God:
Gold:   232        SH:  0    Dex: 13    Spells: 0 memorised, 7 levels left

rFire  . . .     SeeInvis .     r - +0 war axe
rCold  . . .     Gourm    .     t - +3 ring mail
rNeg   . . .     Faith    .     (no shield)
rPois  +         Spirit   .     (no helmet)
rElec  .         Dismiss  .     (no cloak)
rCorr  .         Reflect  .     (no gloves)
SustAt .         Harm     .     (no boots)
MR     .....                    (no amulet)
Stlth  +.........               s - +4 ring of protection
                                u - ring of poison resistance

@: mighty, not resistant to hostile enchantments, very unstealthy
A: no striking features
a: no special abilities


You were on level 6 of the Dungeon.
You were hungry.

You visited 1 branch of the dungeon, and saw 6 of its levels.

You collected 232 gold pieces.

Inventory:

Hand Weapons
 r - a +0 war axe (weapon)
Armour
 i - a +0 scale mail
 m - a +0 chain mail
 t - a +3 ring mail (worn)
Jewellery
 s - a +4 ring of protection (right hand)
 u - a ring of poison resistance (left hand)
Wands
 a - a wand of teleportation (0/9)
 p - a wand of disintegration (13/24)
Scrolls
 d - 5 scrolls of identify
 e - a scroll of noise {unknown}
 h - 8 scrolls of remove curse {unknown}
 q - a scroll of enchant armour {unknown}
 v - a scroll of enchant weapon {unknown}
Potions
 f - a potion of flight
 l - 2 potions of curing
 o - a potion of magic
Books
 c - a book of Flames

   Spells                             Type                      Level
   a - Flame Tongue                   Conjuration/Fire             1
   b - Throw Flame                    Conjuration/Fire             2
   c - Conjure Flame                  Conjuration/Fire             3
   d - Inner Flame                    Hexes/Fire                   3
   e - Sticky Flame                   Conjuration/Fire             4
   f - Fireball                       Conjuration/Fire             5
 w - a book of Callings

   Spells                             Type                      Level
   a - Summon Small Mammal            Summoning                    1
   b - Call Imp                       Summoning                    2
   c - Call Canine Familiar           Summoning                    3
   d - Summon Guardian Golem          Hexes/Summoning              3
   e - Summon Lightning Spire         Summoning/Air                4
   f - Summon Ice Beast               Ice/Summoning                4
Miscellaneous
 g - a plain deck of changes {drawn: 6}
Comestibles
 b - 3 bread rations
 j - 4 meat rations
 n - 2 slices of pizza
 x - 2 fruits


   Skills:
 + Level 6.3 Fighting
 * Level 5.6 Axes
 + Level 5.8 Armour
 + Level 5.2 Dodging
 - Level 1.5 Stealth
 - Level 4.3 Unarmed Combat
 - Level 0.6 Evocations


You had 7 spell levels left.
You didn't know any spells.

Dungeon Overview and Level Annotations

Branches:
Dungeon (6/15)
 Temple: D:4-7

Altars:
Fedhas
Nemelex Xobeh
Pakellas
Trog
Zin

Shops:
D:5 *

Annotations:
D:6 Prince Ribbit


Message History

You closely miss Prince Ribbit.
Prince Ribbit is moderately wounded.
Prince Ribbit hits you.
* * * LOW HITPOINT WARNING * * *
Prince Ribbit barely misses you. The gnoll misses you.
Unknown command.
Unknown command.
Drink which item? (? for menu, Esc to quit)
You feel better. Prince Ribbit barely misses you.
Evoke which item? (* to show all) (? for menu, Esc to quit)
Zapping:
p - a wand of disintegration {zapped: 3} (will waste charges)
Press: ? - help, Shift-Dir - straight line, f - Prince Ribbit
Aim: Prince Ribbit (moderately wounded, chance to defeat MR: 50%)
Okay, then.
You miss Prince Ribbit.
Prince Ribbit is moderately wounded.
Prince Ribbit hits you!
* * * LOW HITPOINT WARNING * * *
The gnoll closely misses you. Prince Ribbit hits you!
You die...

..## ...#######
......##.# ##.......##
##....##..##### ..
#..........#..# #.#
........(.....# ##...##
..###.........####gg.....
<###....>......F@)# .#
#............)## .#
#..##.>..(....# .#
#.[.##††..###..# .#
###..#....# ##..# .##
#†......## #..# ..##
##.......## #..# ##.##
##.......# ..#
##.####....##..#


You could see Prince Ribbit and 2 gnolls.

Vanquished Creatures
  Sigmund (D:3)
  A steam dragon (D:5)
  An eye of draining (D:3)
  An ice beast (D:6)
  An ogre (D:4)
  A centaur (D:5)
  A water moccasin skeleton (D:4)
  A scorpion (D:5)
  A centaur zombie (D:4)
  2 hounds
  2 orc priests
  3 orc wizards
  2 iguanas
  2 worker ants
  A hound skeleton (D:4)
  3 gnolls
  12 adders
  An ooze (D:6)
  2 worms
  2 dart slugs
  6 giant geckos
  13 orcs
  7 bats
  6 giant cockroaches
  3 goblins
  7 hobgoblins
  3 jackals (D:5)
  4 quokkas
  A ball python (D:1)
  7 giant newts
  7 kobolds
  3 rats
108 creatures vanquished.

Notes
Turn   | Place    | Note
--------------------------------------------------------------
     0 | D:1      | otab the Hill Orc Monk began the quest for the Orb.
     0 | D:1      | Reached XP level 1. HP: 19/19 MP: 1/1
   147 | D:1      | Reached XP level 2. HP: 27/27 MP: 2/2
   486 | D:1      | Reached XP level 3. HP: 33/33 MP: 3/3
   734 | D:2      | Found a sparkling altar of Nemelex Xobeh.
   784 | D:2      | Reached skill level 4 in Fighting
  1192 | D:2      | Reached skill level 1 in Armour
  1517 | D:2      | Reached XP level 4. HP: 40/40 MP: 4/4
  1978 | D:3      | Found a bloodstained altar of Trog.
  1978 | D:3      | Noticed an eye of draining
  2006 | D:3      | Killed an eye of draining
  2006 | D:3      | Reached XP level 5. HP: 39/47 MP: 0/5
  2110 | D:3      | Noticed Sigmund
  2160 | D:3      | Killed Sigmund
  2160 | D:3      | Reached skill level 5 in Fighting
  2160 | D:3      | Reached XP level 6. HP: 13/56 MP: 6/6
  2473 | D:3      | Found an oddly glowing altar of Pakellas.
  2536 | D:3      | Found a blossoming altar of Fedhas.
  2978 | D:4      | Reached XP level 7. HP: 47/61 MP: 7/7
  3086 | D:4      | Reached skill level 1 in Axes
  3537 | D:4      | Reached skill level 5 in Armour
  3972 | D:5      | Entered Level 5 of the Dungeon
  3984 | D:5      | Found Zin's Purification Station.
  3986 | D:5      | Found a glowing silver altar of Zin.
  4830 | D:5      | Noticed a steam dragon
  4848 | D:5      | Killed a steam dragon
  4848 | D:5      | Reached XP level 8. HP: 12/70 MP: 8/8
  5241 | D:5      | Reached skill level 6 in Fighting
  5241 | D:5      | Reached skill level 5 in Dodging
  5811 | D:6      | Noticed Prince Ribbit
  5814 | D:6      | Reached skill level 5 in Axes
  5839 | D:6      | Mangled by Prince Ribbit

Skill      XL: |  1  2  3  4  5  6  7  8 |
---------------+-------------------------+-----
Dodging        | 3 4 5 |  5.2
Fighting       | 4 5 6 |  6.3
Armour         | 1 3 4 5 |  5.8
Axes           | 4 5 |  5.6
Stealth        | |  1.5
Unarmed Combat | |  4.3
Evocations     | |  0.6

Action                   |  1- 3 |  4- 6 |  7- 9 || total
-------------------------+-------+-------+-------++-------
Melee: Unarmed           |   140 |   168 |       ||   308
       Punch             |     2 |     4 |     8 ||    14
       War axe           |       |    12 |   245 ||   257
Evoke: Deck              |       |     6 |       ||     6
       Wand              |       |     1 |     2 ||     3
  Use: Potion            |       |     1 |     2 ||     3
       Scroll            |       |       |     5 ||     5
  Eat: Chunk             |     1 |     6 |     7 ||    14
       Royal jelly       |       |       |     1 ||     1
Armor: Ring mail         |    36 |       |   119 ||   155
       Robe              |     2 |       |       ||     2
       Scale mail        |     9 |    45 |    28 ||    82
Dodge: Dodged            |    69 |   103 |   202 ||   374
